 Dungeon Crawl Stone Soup version 0.25.1-2-g60ff931df9 (webtiles) character file.

Game seed: 14998409340053255596

2580 GameOver the Covert (level 9, 0/68 HPs)
             Began as a Naga Wizard on Oct 14, 2020.
             Was an Initiate of Okawaru.
             Slain by an ogre
             ... wielding a +0 giant spiked club
              (22 damage)
             ... on level 5 of the Dungeon.
             The game lasted 00:51:13 (4241 turns).

GameOver the Covert (Naga Wizard)                   Turns: 4241, Time: 00:51:15

Health: 0/68       AC:  7    Str: 11    XL:     9   Next: 58%
Magic:  2/13       EV: 10    Int: 21    God:    Okawaru [......]
Gold:   368        SH:  4    Dex:  9    Spells: 0/14 levels left

rFire    . . .     SeeInvis +   w - +2 dagger (elec)
rCold    + . .     Gourm    .   v - +0 buckler
rNeg     . . .     Faith    .   f - +0 robe {rC+}
rPois    +         Spirit   .   b - +0 hat
rElec    .         Reflect  .   q - +0 cloak
rCorr    .         Harm     .   A - +1 pair of gloves
MR       +....                  (no barding)
Stlth    ++++......             (no amulet)
HPRegen  0.21/turn              (no ring)
MPRegen  0.13/turn              (no ring)

@: short of breath, very slightly contaminated, very slow
A: large, see invisible, deformed body, poison resistance, slowness 2, slow
metabolism 1, spit poison 1, AC +3
a: Spit Poison, Renounce Religion


You were on level 5 of the Dungeon.
You worshipped Okawaru.
Okawaru was noncommittal.
You were hungry.

You visited 1 branch of the dungeon, and saw 6 of its levels.

You collected 368 gold pieces.

Inventory:

Hand Weapons
 c - a +0 whip of flaming
 e - a +0 trident
 g - a +1 hand axe of electrocution
 w - a +2 dagger of electrocution (weapon)
 C - a +1 short sword of venom
Armour
 b - a +0 hat (worn)
 f - a +0 robe of cold resistance (worn)
 q - a +0 cloak (worn)
 v - a +0 buckler (worn)
 A - a +1 pair of gloves (worn)
Magical Staves
 s - an uncursed staff of poison
 D - an uncursed staff of wizardry
Wands
 a - a wand of flame (24)
 i - a wand of enslavement (10)
 B - a wand of paralysis (8)
Scrolls
 k - a scroll of amnesia
 m - a scroll of blinking
 n - a scroll of fear
 o - 4 scrolls of teleportation {unknown}
 p - a scroll of magic mapping {unknown}
 t - 3 scrolls of enchant armour
 u - a scroll of noise {unknown}
 x - 2 scrolls of remove curse {unknown}
 y - a scroll of immolation {unknown}
Potions
 h - a potion of curing
 j - 3 potions of invisibility {unknown}
 l - a potion of mutation
 r - a potion of cancellation
 E - a potion of lignification {unknown}
Comestibles
 d - 9 rations
 z - 3 chunks of flesh


   Skills:
 + Level 2.6 Short Blades
 - Level 2.2 Axes
 - Level 1.5 Dodging
 - Level 9.0 Stealth
 - Level 3.0 Shields
 - Level 3.0 Spellcasting
 - Level 6.0 Conjurations
   Level 1.0 Summonings
 - Level 3.0 Translocations
 - Level 3.0 Fire Magic
 + Level 8.7 Poison Magic


You couldn't memorise any spells.
You knew the following spells:

 Your Spells              Type           Power        Failure   Level  Hunger
a - Magic Dart            Conj           ####         1%          1    None
b - Blink                 Tloc           N/A          6%          2    ##.....
c - Agony                 Necr           #.......     98%         5    ######.
d - Mephitic Cloud        Conj/Pois/Air  ###.....     5%          3    ###....
f - Conjure Flame         Conj/Fire      ###.....     6%          3    ###....

Your spell library contained the following spells:

 Spells                   Type           Power        Failure   Level  Hunger
 Animate Skeleton         Necr           N/A          13%         1    None
 Pain                     Necr           #...         13%         1    None
 Call Imp                 Summ           #.......     13%         2    ##.....
 Slow                     Hex            #.......     21%         2    ##.....
 Vampiric Draining        Necr           #.........   36%         3    ###....
 Animate Dead             Necr           N/A          78%         4    ####...


Dungeon Overview and Level Annotations

Branches:
Dungeon (6/15)
 Temple: D:4-7

Altars:
Elyvilon
Okawaru
Yredelemnul
Zin
The Shining One

Annotations:
D:1 scroll DELEGHUA?!
D:6 1 runed translucent door, diiiiiane's ghost, novice OpAs


Innate Abilities, Weirdness & Mutations

You cannot wear boots.
Your serpentine skin is tough. (AC +3)
You have supernaturally acute eyesight. (SInv)
Armour fits poorly on your strangely shaped body.
Your system is resistant to poisons. (rPois)
You cover ground very slowly.
You have a slow metabolism.
You can spit poison.


Message History

Okawaru accepts your kill.
You feel your dexterity returning.
Press: ? - help, Shift-Dir - straight line, f/p - ogre
Aim: an ogre, wielding a +0 giant spiked club (almost dead)
The splash of poison hits the ogre.
The ogre is poisoned.
The ogre is almost dead.
You feel slightly more hungry.
The ogre hits you with a +0 giant spiked club!!
Casting: Conjure Flame (dangerous; 6% risk of failure)
Confirm with . or Enter, or press ? or * to list all spells.
Aiming: Mephitic Cloud (dangerous; 5% risk of failure)
Press: ? - help, Shift-Dir - straight line, f/p - ogre
Aim: an ogre, wielding a +0 giant spiked club (almost dead, poisoned)
The ball explodes into a vile cloud!
The stinking cloud engulfs the ogre but does no damage.
The ogre is almost dead.
The stinking cloud engulfs you but does no damage.
The ogre is engulfed in noxious fumes.
The ogre appears confused.
The ogre hits you with a +0 giant spiked club!!
You die...

#.##...#############
#.......#...##......#
#...................#
#..................##
................(..#
#.....#######.##..##
#..##..§..##..###.######
.......O§.....#........#
###@......#........#
+...###.######..##
###...###+##..##..##
#............(....#. ....
#...............>.#. ....
#.................#. ...
+.................#. ..# #
##...####.##..##..##
###..###.####...####.##..##).##


You could see an ogre (confused, poisoned).

Vanquished Creatures
  Grinder (D:4)
  Sigmund (D:3)
  2 orc warriors
  A phantom (D:5)
  2 ogres (D:6)
  A centaur (D:5)
  Blork the orc (D:4)
  4 bullfrogs (D:6)
  2 howler monkeys (D:5)
  A jelly (D:5)
  A crimson imp (D:5)
  A quasit (D:6)
  A bullfrog zombie (D:3)
  A centaur skeleton (D:5)
  3 hounds
  13 orc priests
  2 bullfrog skeletons
  Ijyb (D:4)
  5 orc wizards
  4 iguanas
  5 worker ants
  A hound skeleton (D:3)
  5 adders
  2 shadow imps
  3 oozes
  2 adder skeletons (D:4)
  4 worms
  6 dart slugs
  5 leopard geckos
  36 orcs
  3 ball pythons
  10 bats
  3 giant cockroaches
  12 goblins
  3 hobgoblins
  6 jackals (D:4)
  9 kobolds
  A quokka (D:6)
  A ball python skeleton (D:4)
  4 frilled lizards
  A leopard gecko zombie (D:6)
  A quokka skeleton (D:6)
  12 rats
183 creatures vanquished.

Notes
Turn   | Place    | Note
-------+----------+-------------------------------------------
     0 | D:1      | GameOver the Naga Wizard began the quest for the Orb.
     0 | D:1      | Reached XP level 1. HP: 15/15 MP: 4/4
   108 | D:1      | Reached XP level 2. HP: 20/22 MP: 0/6
   345 | D:1      | Reached XP level 3. HP: 16/28 MP: 7/7
   352 | D:1      | Learned a level 2 spell: Blink
   356 | D:1      | Learned a level 3 spell: Mephitic Cloud
   512 | D:1      | You fall into a shaft and drop 1 floor!
   786 | D:1      | Reached XP level 4. HP: 36/36 MP: 5/8
   791 | D:1      | Learned a level 3 spell: Conjure Flame
  1063 | D:2      | Found a glowing silver altar of Zin.
  1100 | D:2      | Found a white marble altar of Elyvilon.
  1491 | D:2      | Found a basalt altar of Yredelemnul.
  1650 | D:3      | Reached skill level 1 in Poison Magic
  1743 | D:3      | Noticed Sigmund
  1839 | D:3      | Reached XP level 5. HP: 18/42 MP: 3/9
  1982 | D:4      | Reached skill level 5 in Conjurations
  2013 | D:4      | Noticed Ijyb
  2034 | D:4      | Killed Ijyb
  2045 | D:4      | Reached XP level 6. HP: 36/49 MP: 1/10
  2334 | D:4      | Reached XP level 7. HP: 55/55 MP: 4/11
  2442 | D:4      | Reached skill level 1 in Fire Magic
  2456 | D:4      | Reached skill level 5 in Poison Magic
  2485 | D:4      | Reached skill level 4 in Stealth
  2514 | D:4      | Noticed Grinder
  2692 | D:3      | Killed Sigmund
  2699 | D:3      | Found a glowing golden altar of the Shining One.
  2788 | D:4      | Noticed Blork the orc
  2803 | D:4      | Killed Blork the orc
  2803 | D:4      | Reached skill level 5 in Stealth
  2803 | D:4      | Reached XP level 8. HP: 53/62 MP: 5/12
  2981 | D:4      | Paralysed by Grinder for 2 turns
  2991 | D:4      | Killed Grinder
  2991 | D:4      | Reached skill level 6 in Stealth
  3089 | D:5      | Entered Level 5 of the Dungeon
  3109 | D:5      | Reached skill level 1 in Axes
  3164 | D:5      | Reached skill level 1 in Shields
  3261 | D:5      | Reached skill level 7 in Stealth
  3335 | D:6      | Reached XP level 9. HP: 23/68 MP: 3/13
  3594 | D:6      | Reached skill level 1 in Short Blades
  3594 | D:6      | Reached skill level 8 in Stealth
  3696 | D:6      | Found a runed translucent door.
  3696 | D:6      | Noticed diiiiiane's ghost (novice OpAs)
  3773 | D:6      | Found an iron altar of Okawaru.
  3834 | D:6      | Became a worshipper of Warmaster Okawaru
  4096 | D:5      | Reached skill level 9 in Stealth
  4112 | D:5      | Learned a level 5 spell: Agony
  4241 | D:5      | Slain by an ogre

Illustrated notes

Levels and vault maps discovered:
D:1:      dpeg_arrival_fog, layout_loops_cross, minmay_statues_item
D:2:      layout_basic, kennysheep_ying_yang, lemuel_crystal_altar
D:3:      layout_rooms, nicolae_tso_carved_into_rock, uniq_sigmund
D:4:      layout_rooms, first_ration, minmay_vboxes, uniq_blork_the_orc,
          uniq_grinder, uniq_ijyb
D:5:      layout_gridville, kennysheep_mini
D:6:      layout_basic, lemuel_doored_altar, ebering_ghost_reflecting_pool

Skill      XL: |  1  2  3  4  5  6  7  8  9 |
---------------+----------------------------+-----
Conjurations   | 2 3 4 5 6 |  6.0
Poison Magic   | 1 2 4 5 7 8 |  8.7
Fire Magic     | 2 3 |  3.0
Stealth        | 5 7 9 |  9.0
Translocations | 2 3 |  3.0
Axes           | 2 |  2.2
Shields        | 1 3 |  3.0
Short Blades   | 2 |  2.6
Dodging        | |  1.5
Spellcasting   | |  3.0
Summonings     | |  1.0

Action                   |  1- 3 |  4- 6 |  7- 9 || total
-------------------------+-------+-------+-------++-------
Melee: Whip              |    10 |    32 |     9 ||    51
       Staff             |       |       |    39 ||    39
       Hand axe          |       |       |    40 ||    40
       Dagger            |       |       |    60 ||    60
       Trident           |       |       |     5 ||     5
 Cast: Magic Dart        |    39 |    84 |   102 ||   225
       Blink             |       |     1 |     1 ||     2
       Mephitic Cloud    |       |     4 |    24 ||    28
       Conjure Flame     |       |       |     6 ||     6
 Abil: Spit Poison       |    29 |    48 |    82 ||   159
  Use: Potion            |       |     3 |     2 ||     5
       Scroll            |       |       |     6 ||     6
 Stab: Confused          |       |       |     6 ||     6
       Sleeping          |       |       |     2 ||     2
  Eat: Chunk             |     1 |     7 |    13 ||    21
Armor: Robe              |     1 |     8 |    58 ||    67
Dodge: Dodged            |     6 |    26 |    91 ||   123
Block: Buckler           |       |       |     3 ||     3
